 Dungeon Crawl Stone Soup version 0.26.1-2-gb8aa6d0cf2 (webtiles) character file.

Game seed: 17901593458549644154

102 Gadfly the Skirmisher (level 4, -4/48 HPs)
             Began as an Ogre Monk on Feb 12, 2021.
             Slain by Crazy Yiuf
             ... wielding a +4 quarterstaff of chaos
              (13 damage)
             ... on level 2 of the Dungeon.
             The game lasted 00:01:55 (2924 turns).

Gadfly the Skirmisher (Ogre Monk)                   Turns: 2924, Time: 00:01:56

Health: -4/48      AC: 10    Str: 16    XL:     4   Next: 78%
Magic:  0/5        EV: 10    Int: 11    God:
Gold:   201        SH:  0    Dex: 11    Spells: 3/3 levels left

rFire    . . .     SeeInvis .   h - +1 mace (protect)
rCold    . . .     Faith    .   (no shield)
rNeg     . . .     Spirit   .   b - +0 robe
rPois    .         Reflect  .   (helmet restricted)
rElec    .         Harm     .   (no cloak)
rCorr    .         Rampage  .   (gloves unavailable)
Will     .....                  (boots unavailable)
Stlth    ++........             (no amulet)
HPRegen  0.16/turn              (no ring)
MPRegen  0.09/turn              (no ring)

@: protection aura
A: large, unfitting armour, tough skin 1
a: no special abilities


You were on level 2 of the Dungeon.
You visited 1 branch of the dungeon, and saw 2 of its levels.

You collected 201 gold pieces.

Inventory:

Hand Weapons
 a - a +3 mace
 h - a +1 mace of protection (weapon)
Missiles
 c - 78 stones (quivered)
Armour
 b - a +0 robe (worn)
Scrolls
 f - 4 scrolls of identify
 g - 2 scrolls of teleportation
Potions
 d - 2 potions of curing
 e - a potion of lignification


   Skills:
 - Level 4.0 Fighting
 + Level 3.0 Maces & Flails
 * Level 1.9 Throwing
 * Level 1.3 Armour
 - Level 2.6 Dodging
 - Level 1.4 Stealth
 * Level 1.8 Invocations
 * Level 1.3 Evocations


You had 3 spell levels left.
You didn't know any spells.
Your spell library was empty.

Dungeon Overview and Level Annotations

Branches:
Dungeon (2/15)

Altars:

Annotations:
D:2 Crazy Yiuf


Innate Abilities, Weirdness & Mutations

You are too large for most types of armour.
You have tough skin. (AC +1)


Message History

You are too injured to fight recklessly!
You are too injured to fight recklessly!
You are too injured to fight recklessly!
You are too injured to fight recklessly!
You hit Crazy Yiuf but do no damage. Crazy Yiuf closely misses you.
You hit Crazy Yiuf.
Crazy Yiuf is moderately wounded.
Crazy Yiuf laughs, "Ice!"
Crazy Yiuf hits you with a +4 quarterstaff of chaos!
* * * LOW HITPOINT WARNING * * *
You feel your power leaking away.
You sock Crazy Yiuf!
Crazy Yiuf is heavily wounded.
Crazy Yiuf barely misses you.
You hit Crazy Yiuf.
Crazy Yiuf is almost dead.
Crazy Yiuf hits you with a +4 quarterstaff of chaos.
* * * LOW HITPOINT WARNING * * *
You are electrocuted!
You die...

#....#..#...#.#..##.##......#.##
#....#..#.###########.......#.##
#.........# #...........
#.....#.#.# ##### #....#.##.##
#.....#.#.# #..)# ####.#.##.##
###.#.#.#.# #..)# #.#.#....
#.........# .). ##.#.#..##
#.......#.# #g# #.......##
#.......#.# ##@# ######.##.##
###.......# #)## #....#.##.##
#.......### ##)# ###....##.##
#.###.### #.## #.#....##.## #.#
#.# ##.## #.#..#.##.## #.###.#
#...## #......##.## #.....#
#.#..# #.......#.<# #######
#....# #.......#..#
#....####.......#...


You could see Crazy Yiuf.

Vanquished Creatures
  Terence (D:2)
  3 adders (D:2)
  An ooze (D:2)
  A worm (D:2)
  A dart slug (D:1)
  A leopard gecko (D:1)
  6 bats
  A giant cockroach (D:1)
  5 hobgoblins
  4 jackals
  A ball python (D:1)
  2 frilled lizards
  6 goblins
  4 kobolds
  4 rats (D:1)
41 creatures vanquished.

Vanquished Creatures (others)
  19 plants (D:1)
19 creatures vanquished.

Grand Total: 60 creatures vanquished

Notes
Turn   | Place    | Note
-------+----------+-------------------------------------------
     0 | D:1      | Gadfly the Ogre Monk began the quest for the Orb.
     0 | D:1      | Reached XP level 1. HP: 24/24 MP: 1/1
   257 | D:1      | Reached XP level 2. HP: 29/32 MP: 2/2
  1097 | D:1      | Reached skill level 1 in Throwing
  1097 | D:1      | Reached skill level 1 in Invocations
  1283 | D:1      | Reached XP level 3. HP: 21/39 MP: 3/3
  1802 | D:2      | Noticed Terence
  1816 | D:2      | Killed Terence
  1817 | D:2      | Reached skill level 1 in Armour
  1817 | D:2      | Reached skill level 1 in Evocations
  1882 | D:2      | Reached XP level 4. HP: 39/48 MP: 5/5
  2775 | D:2      | Found a runed translucent door.
  2776 | D:2      | Noticed Crazy Yiuf
  2924 | D:2      | Slain by Crazy Yiuf

Illustrated notes

Levels and vault maps discovered:
D:1:      roderic_crop_circles_arrival_small, layout_basic
D:2:      layout_basic, uniq_crazy_yiuf_cottage, uniq_terence

Skill      XL: |  1  2  3  4 |
---------------+-------------+-----
Throwing       | 1 |  1.9
Invocations    | 1 |  1.8
Armour         | 1 |  1.3
Evocations     | 1 |  1.3
Maces & Flails | 3 |  3.0
Fighting       | |  4.0
Dodging        | |  2.6
Stealth        | |  1.4

Action                   |  1- 3 |  4- 6 || total
-------------------------+-------+-------++-------
Melee: Mace              |   142 |    42 ||   184
Throw: Stone             |     1 |     6 ||     7
  Use: Scroll            |     2 |     2 ||     4
Armor: Robe              |    40 |    12 ||    52
Dodge: Dodged            |    90 |    21 ||   111
